 Dungeon Crawl Stone Soup version 0.27.1-1-g398f81649c (webtiles) character file.

Game seed: 9244784831432856350

23 101zpm the Covered (level 3, -2/23 HPs)
             Began as a Gargoyle Fighter on Sept 14, 2021.
             Slain by a hobgoblin (4 damage)
             ... on level 2 of the Dungeon on Sept 15, 2021.
             The game lasted 00:01:41 (487 turns).

101zpm the Covered (Gargoyle Fighter)                Turns: 487, Time: 00:01:42

Health: -2/23      AC: 10    Str: 20    XL:     3   Next: 0%
Magic:  3/3        EV:  7    Int:  8    God:
Gold:   11         SH:  9    Dex:  9    Spells: 2/2 levels left

rFire    . . .     SeeInvis .   a - +0 flail
rCold    . . .     Faith    .   c - +0 kite shield
rNeg     + . .     Spirit   .   b - +0 scale mail
rPois    ∞         Reflect  .   (no helmet)
rElec    +         Harm     .   (no cloak)
rCorr    .         Rampage  .   (no gloves)
Will     .....                  (no boots)
Stlth    ..........             (no amulet)
HPRegen  0.07/turn              (no ring)
MPRegen  0.08/turn              (no ring)

@: no status effects
A: sickness immunity, AC +3, negative energy resistance 1, electricity
resistance, torment resistance 1, petrification resistance
a: no special abilities


You were on level 2 of the Dungeon.
You visited 1 branch of the dungeon, and saw 3 of its levels.

You collected 11 gold pieces.

Inventory:

Hand Weapons
 a - a +0 flail (weapon)
Armour
 b - a +0 scale mail (worn)
 c - a +0 kite shield (worn)
Scrolls
 e - a scroll of teleportation {unknown}
Potions
 d - a potion of might


   Skills:
 + Level 3.6 Fighting
 + Level 2.2 Maces & Flails
 + Level 3.6 Armour
 + Level 3.6 Shields


You had 2 spell levels left.
You didn't know any spells.
Your spell library was empty.

Dungeon Overview and Level Annotations

Branches:
Dungeon (3/15)

Altars:
Cheibriados

Shops:
D:1 ?


Innate Abilities, Weirdness & Mutations

You are immune to sickness and miasma.
Your stone body is resilient. (AC +3)
You are immune to poison.
You resist negative energy. (rN+)
You are resistant to electric shocks. (rElec)
You are resistant to unholy torment.
You are immune to petrification.


Message History

You block the adder's attack. You block the adder's attack.
You miss the adder. You block the adder's attack.
You closely miss the adder.
The adder bites you but does no damage. x2
The adder barely misses you.
You thump the adder!
The adder is severely wounded.
The adder bites you. The adder bites you but does no damage.
You miss the adder.
The adder is severely wounded.
The adder bites you but does no damage. The adder bites you.
* * * LOW HITPOINT WARNING * * *
Your shield and scale mail prevent you from hitting the adder.
The adder is severely wounded.
The adder bites you.
* * * LOW HITPOINT WARNING * * *
The adder bites you but does no damage.
Your shield and scale mail prevent you from hitting the adder.
The adder is severely wounded.
You block the adder's attack. x2
You miss the adder.
The adder is severely wounded.
The adder closely misses you. The adder bites you but does no damage.
You miss the adder.
The adder is severely wounded.
The adder bites you but does no damage. x2
You hit the adder.
The adder is almost dead.
The adder bites you but does no damage. You block the adder's attack.
You sock the adder!
You kill the adder!
You have reached level 3!
Your experience leads to an increase in your attributes!
Increase (S)trength, (I)ntelligence, or (D)exterity?
You feel stronger.
You barely miss the hobgoblin. You block the hobgoblin's attack. x2
You barely miss the hobgoblin. You block the hobgoblin's attack.
The hobgoblin hits you but does no damage.
You hit the hobgoblin but do no damage. The hobgoblin hits you.
You die...

###### .....# .)...# ###
####### .....# #.. $......
.....##############.###.......
..............................
..............................
.....####..†.######.###.......
.....# #.##.#..@g..# .......
.....# #.#..<.####.# .......
..[..# #.####.# #.# #######
.....# #.#....# #+# [.####
..#.#### ..... ... ...## #.#
#..##### #.)....#


You could see a hobgoblin.

Vanquished Creatures
  2 adders (D:2)
  A goblin (D:2)
  2 kobolds
  A bat (D:2)
6 creatures vanquished.

Notes
Turn   | Place    | Note
-------+----------+-------------------------------------------
     0 | D:1      | 101zpm the Gargoyle Fighter began the quest for the Orb.
     0 | D:1      | Reached XP level 1. HP: 14/14 MP: 1/1
    33 | D:1      | Found Mihod's Magic Scroll Emporium.
   145 | D:3      | Found a snail-covered altar of Cheibriados.
   348 | D:2      | Reached XP level 2. HP: 13/19 MP: 2/2
   485 | D:2      | Reached XP level 3. HP: 2/23 MP: 3/3
   487 | D:2      | Slain by a hobgoblin

Illustrated notes

Levels and vault maps discovered:
D:1:      tarquinn_simple_flora_water_d, layout_loops_cross, serial_shops,
          shop_statue
D:2:      layout_basic, dreamdust_ecumenical_altar_grove, uniq_jessica
D:3:      cheibrodos_thug_alley, layout_basic, overflow_temple_1_default,
          nemelex_altar_shiori, mainiacjoe_overflow_two_lobes

Action                   || total
-------------------------++-------
Melee: Flail             ||    41
Armor: Scale mail        ||    24
Dodge: Dodged            ||    16
Block: Kite shield       ||    32
